 Dungeon Sprint DCSS version 0.28.0-49-g6dfe1f597d (webtiles) character file.

Game seed: 12217409656826076746

588 Zeld the Blocker (level 7, -8/72 HPs)
             Began as a Minotaur Fighter on May 15, 2022.
             Was an Initiate of Jiyva.
             Mangled by a centaur warrior (10 damage)
             ... in the Dungeon (Sprint I: "Red Sonja").
             The game lasted 00:00:57 (461 turns).

Zeld the Blocker (Minotaur Fighter)                  Turns: 461, Time: 00:00:58

Health: -8/72      AC:  8    Str: 22    XL:     7   Next: 15%
Magic:  6/6        EV: 11    Int:  5    God:    Jiyva [......]
Gold:   162        SH:  6    Dex: 10    Spells: 6/6 levels left

rFire   . . .      SeeInvis .   a - +0 war axe
rCold   . . .      Faith    .   c - +0 buckler
rNeg    . . .      Spirit   .   b - +0 scale mail
rPois   .          Reflect  .   (helmet restricted)
rElec   .          Harm     .   (no cloak)
rCorr   .          Rampage  .   (no gloves)
Will    .....      NoTele   +   (no boots)
Stlth   ..........              (no amulet)
HPRegen 0.22/turn               (no ring)
MPRegen 0.10/turn               (no ring)

@: mighty
A: horns 2, retaliatory headbutt
a: Renounce Religion


You were in the Dungeon.
You worshipped Jiyva.
Jiyva was noncommittal.
You visited 1 branch You collected 162 gold pieces.

Inventory:

Hand Weapons
 a - a +0 war axe (weapon)
Armour
 b - a +0 scale mail (worn)
 c - a +0 buckler (worn)
Scrolls
 j - a scroll of blinking
Potions
 e - a potion of curing
 g - a potion of haste
 h - 2 potions of magic


   Skills:
 * Level 10.0 Fighting
 * Level 9.6 Axes
 + Level 7.4 Armour
 + Level 5.6 Dodging
 * Level 10.1 Shields


You had 6 spell levels left.
You didn't know any spells.
Your spell library was empty.

Dungeon Overview and Level Annotations

Branches:
Dungeon (1/1)

Altars:
Cheibriados
Dithmenos
Elyvilon
Fedhas
Gozag
Hepliaklqana
Kikubaaqudgha
Makhleb
Okawaru
Qazlal
Ru
Sif Muna
Trog
Uskayaw
Vehumet
Wu Jian
Xom
Yredelemnul
Zin
The Shining One
Jiyva
Lugonu

Shops:
D [


Innate Abilities, Weirdness & Mutations

You have a pair of horns on your head.
You reflexively headbutt those who attack you in melee.


Message History

Your Fighting skill increases to level 10!
Your Axes skill increases to level 9!
Your Armour skill increases to level 7!
Your Shields skill increases to level 10!
You have reached level 7!
Unknown command.
You slash the centaur warrior!
The centaur warrior is lightly wounded.
The centaur warrior hits you.
* * * LOW HITPOINT WARNING * * *
The centaur warrior barely misses you.
You hear a distant slurping noise.
Unknown command.
Okay, then.
You barely miss the centaur warrior.
The centaur warrior is lightly wounded.
You block the centaur warrior's attack. x2
The centaur warrior hits you but does no damage.
The centaur warrior kicks you but does no damage.
Unknown command.
You barely miss the centaur warrior.
The centaur warrior is lightly wounded.
You hear a distant slurping noise.
The centaur warrior hits you.
* * * LOW HITPOINT WARNING * * *
The centaur warrior kicks you but does no damage.
You hear a distant slurping noise.
You barely miss the centaur warrior. You headbutt the centaur warrior!
The centaur warrior is moderately wounded.
The centaur warrior hits you!
* * * LOW HITPOINT WARNING * * *
The centaur warrior misses you. You block the centaur warrior's attack.
The centaur warrior kicks you.
* * * LOW HITPOINT WARNING * * *
You slash the centaur warrior!
The centaur warrior is heavily wounded.
You block the centaur warrior's attack.
The centaur warrior kicks you but does no damage.
You hear a distant slurping noise. x2
The centaur warrior hits you!
You die...

###################
#<.#..'..#..'..#__#
#..'))#..').#..'..+
#..#####'#####'#__#
# #..#
#..#$$$#(####§§#
#..#__####$$##.#§§J§
#..#_____##@#_§§c§§§
#⌠⌠#_.∩...')c._#≈§§§
####_..__##_.#'##+##


____ ##+# # ### You could see a centaur warrior.

Vanquished Creatures
  A centaur warrior (D)
  Sigmund (D)
  A yak (D)
  An ogre (D)
  Ijyb (D)
5 creatures vanquished.

Vanquished Creatures (others)
  6 necrophages (D)
  9 jellies (D)
15 creatures vanquished.

Grand Total: 20 creatures vanquished

Notes
Turn   | Place    | Note
-------+----------+-------------------------------------------
     0 | D        | Zeld the Minotaur Fighter began the quest for the Orb.
     0 | D        | Reached XP level 1. HP: 19/19 MP: 0/0
     2 | D        | Noticed Ijyb
    15 | D        | Killed Ijyb
    16 | D        | Reached skill level 5 in Fighting
    16 | D        | Reached skill level 1 in Dodging
    16 | D        | Reached skill level 5 in Shields
    16 | D        | Reached XP level 2. HP: 29/29 MP: 1/1
   269 | D        | Noticed an ogre
   275 | D        | Killed an ogre
   276 | D        | Reached skill level 5 in Armour
   276 | D        | Reached XP level 3. HP: 27/38 MP: 2/2
   276 | D        | Reached XP level 4. HP: 32/45 MP: 3/3
   403 | D        | Noticed Sigmund
   413 | D        | Killed Sigmund
   414 | D        | Reached XP level 5. HP: 49/56 MP: 4/4
   414 | D        | Reached XP level 6. HP: 55/62 MP: 5/5
   428 | D        | Found a burning altar of Makhleb.
   428 | D        | Found a viscous altar of Jiyva.
   428 | D        | Found a shimmering altar of Xom.
   428 | D        | Found a corrupted altar of Lugonu.
   428 | D        | Noticed a slime creature
   431 | D        | Became a worshipper of Jiyva Jiudwok the Shapeless
   433 | D        | Found an ornate altar of the Wu Jian Council.
   433 | D        | Found a shimmering blue altar of Sif Muna.
   435 | D        | Found a radiant altar of Vehumet.
   442 | D        | Found Fion's Armour Emporium.
   442 | D        | Found an ancient bone altar of Kikubaaqudgha.
   442 | D        | Found a hazy altar of Hepliaklqana.
   442 | D        | Found a stormy altar of Qazlal.
   442 | D        | Found a hide-covered altar of Uskayaw.
   442 | D        | Found a blossoming altar of Fedhas.
   442 | D        | Found a bloodstained altar of Trog.
   442 | D        | Found an iron altar of Okawaru.
   442 | D        | Found a basalt altar of Yredelemnul.
   442 | D        | Found a glowing golden altar of the Shining One.
   442 | D        | Found a snail-covered altar of Cheibriados.
   442 | D        | Found a sacrificial altar of Ru.
   442 | D        | Found a glowing silver altar of Zin.
   442 | D        | Found a shadowy altar of Dithmenos.
   442 | D        | Found a white marble altar of Elyvilon.
   442 | D        | Noticed a yak
   446 | D        | Noticed a centaur warrior
   448 | D        | Found an opulent altar of Gozag.
   450 | D        | Killed a yak
   451 | D        | Reached skill level 5 in Dodging
   453 | D        | Noticed a centaur warrior
   456 | D        | Killed a centaur warrior
   457 | D        | Reached skill level 10 in Fighting
   457 | D        | Reached skill level 10 in Shields
   457 | D        | Reached XP level 7. HP: 16/72 MP: 6/6
   460 | D        | HP: 2/72 [centaur warrior (2)]
   461 | D        | Mangled by a centaur warrior

Illustrated notes

Levels and vault maps discovered:
D:        dungeon_sprint_1 [red_sonja_temple_1, red_sonja_temple_small_1]

Skill      XL: |  1  2  3  4  5  6 |
---------------+-------------------+-----
Fighting       | 5 6 8 10 | 10.0
Axes           | 4 6 7 9 |  9.6
Armour         | 4 5 6 7 |  7.4
Dodging        | 1 3 4 5 |  5.6
Shields        | 5 6 8 10 | 10.1

Action                   |  1- 3 |  4- 6 |  7- 9 || total
-------------------------+-------+-------+-------++-------
Melee: War axe           |    15 |    16 |     5 ||    36
       Headbutt          |     3 |     5 |     1 ||     9
  Use: Potion            |     1 |     2 |       ||     3
Armor: Scale mail        |     2 |     5 |     4 ||    11
Dodge: Dodged            |     3 |    10 |     2 ||    15
Block: Buckler           |     2 |     4 |     4 ||    10
